 Dungeon Crawl Stone Soup version 0.25-a0-834-g55863b0b92 (webtiles) character file.

Game seed: 5126607790551351214, levelgen mode: deterministic

1661 Findor the Carver (level 9, -2/50 HPs)
             Began as a Tengu Fighter on Apr 22, 2020.
             Was a Priest of Okawaru.
             Slain by an orc warrior
             ... wielding a +0 trident
              (11 damage)
             ... on level 6 of the Dungeon.
             The game lasted 00:10:46 (5940 turns).

Findor the Carver (Tengu Fighter)                   Turns: 5940, Time: 00:10:46

Health: -2/50      AC:  6    Str: 18    XL:     9   Next: 0%
Magic:  10/10      EV:  9    Int: 10    God:    Okawaru [***...]
Gold:   100        SH: 11    Dex: 14    Spells: 8/8 levels left

rFire    . . .     SeeInvis +   a - +0 long sword
rCold    . . .     Gourm    .   c - +0 kite shield
rNeg     . . .     Faith    .   b - +0 scale mail
rPois    .         Spirit   .   (helmet restricted)
rElec    .         Reflect  .   (no cloak)
rCorr    .         Harm     .   (no gloves)
MR       .....                  (boots unavailable)
Stlth    ..........             (no amulet)
HPRegen  0.16/turn              z - ring of see invisible
MPRegen  0.12/turn              (no ring)

@: about to teleport, flying quickly and evasively, quick
A: beak, talons 3, able to fly
a: Stop Flying, Heroism, Renounce Religion


You were on level 6 of the Dungeon.
You worshipped Okawaru.
Okawaru was most pleased with you.
You were not hungry.

You visited 2 branches of the dungeon, and saw 7 of its levels.

You collected 292 gold pieces.
You spent 192 gold pieces at shops.


Innate Abilities, Weirdness & Mutations

You have a beak for a mouth.
You have claws for feet.
You can fly continuously.


   Skills:
 - Level 3.0 Fighting
 * Level 9.6 Long Blades
 - Level 3.2 Armour
 * Level 7.6 Shields


You had 8 spell levels left.
You didn't know any spells.
Your spell library was empty.

Inventory:

Hand Weapons
 a - a +0 long sword (weapon)
Missiles
 y - a throwing net (quivered) {!f}
Armour
 b - a +0 scale mail (worn)
 c - a +0 kite shield (worn)
Jewellery
 m - the ring "Fonujofu" {Wiz rF+ MP+9, unknown}
   (You found it on level 4 of the Dungeon)

   [ring of wizardry]

   It improves your spell success rate.
   It protects you from fire.
   It affects your magic capacity (+9).
 r - a +2 ring of dexterity {unknown}
   (You found it on level 4 of the Dungeon)
 z - a ring of see invisible (left hand)
   (You found it on level 1 of the Dungeon)
 F - an uncursed ring of resist corrosion
   (You took it off a centaur on level 6 of the Dungeon)
Wands
 t - a wand of flame (15)
   (You found it on level 5 of the Dungeon)
 u - a wand of paralysis (1)
   (You found it on level 3 of the Dungeon)
 v - a wand of digging (5)
   (You took it off Sigmund on level 5 of the Dungeon)
 x - a wand of acid (4)
   (You found it on level 5 of the Dungeon)
Scrolls
 e - 2 scrolls of immolation {unknown}
 i - a scroll of identify {unknown}
 j - a scroll of fear {unknown}
 l - 2 scrolls of amnesia {unknown}
 o - 4 scrolls of teleportation {@r4}
 p - 2 scrolls of enchant armour {unknown}
 q - a scroll of fog {unknown}
 s - a scroll of enchant weapon {unknown}
 w - a scroll of remove curse {unknown}
Potions
 d - 2 potions of might
 g - a potion of mutation {unknown}
 h - 3 potions of ambrosia {unknown}
 k - 3 potions of curing {@q1}
 n - a potion of flight {unknown}
 A - a potion of cancellation {unknown}
 B - 2 potions of berserk rage {unknown}
 C - a potion of lignification {!q}
 D - a potion of haste {@q3}
Comestibles
 f - 8 rations
 E - 9 chunks of flesh


Message History

You now have 100 gold pieces (gained 16).
Things that are here:
a +0 chain mail; a +0 whip
Things that are here:
a +0 ring mail; a +0 hand axe
Things that are here:
an arrow; a +0 leather armour; a +0 dagger An orc priest comes into view.
It is wielding a +1 hand axe of flaming.
The orc priest shouts!
You hear a shout!
An orc priest is nearby!
An orc priest is nearby!
The orc priest calls down the wrath of Beogh upon you.
You struggle to resist.
An orc warrior comes into view. It is wielding a +0 trident.
The orc warrior shouts!
You hear an angry hiss.
An orc comes into view.
The orc shouts!
A quokka comes into view.
You slash the orc priest! You claw the orc priest.
You block the orc priest's attack.
An adder comes into view.
The adder hisses angrily.
You hit the orc priest.
You kill the orc priest!
Okawaru accepts your kill.
You have reached level 9!
Your experience leads to an increase in your attributes!
Increase (S)trength, (I)ntelligence, or (D)exterity?
You feel stronger.
Things that are here:
a +1 hand axe of flaming; a +0 leather armour You hit the orc warrior but do no damage.
You peck the orc warrior, but do no damage.
The orc warrior hits you with a +0 trident.
An orc comes into view. It is wielding a +0 dagger.
You completely miss the orc warrior. You claw the orc warrior.
You hit the orc warrior but do no damage.
You claw the orc warrior.
The orc warrior hits you with a +0 trident!
You block the orc's attack.
You barely miss the orc warrior. You claw the orc warrior.
You peck the orc warrior, but do no damage.
The orc hits you but does no damage.
The orc warrior hits you with a +0 trident!!
* * * LOW HITPOINT WARNING * * *
As you read the scroll of teleportation {@r4}, it crumbles to dust.
You feel strangely unstable. The orc hits you but does no damage.
You block the orc warrior's attack.
The orc warrior hits you with a +0 trident!
You die...

...#.####.##..#
##..#.####.##..#
............#..#
##......###.#..#
.....#..# #....#
#.....###.##.#
...#[....##.## .
#.#.#[#.###..o#####.#
....#.#.#.#(#...@oS.ro..#
.........รท)......)######
.........)...#%..##
.##.####.......### #
#.#.#....# ...........#
###.#......## ##..!......
##....####


You could see an orc warrior, an adder, 2 orcs and a quokka.

Vanquished Creatures
  Sigmund (D:5)
  Eustachio (D:5)
  2 ice beasts
  An ogre (D:4)
  A phantom (D:4)
  3 centaurs
  A bullfrog (D:6)
  A scorpion (D:4)
  A howler monkey (D:5)
  A jelly (D:2)
  A hound (D:6)
  A bullfrog skeleton (D:5)
  4 orc priests
  An iguana (D:4)
  2 orc wizards
  6 worker ants
  A worker ant zombie (D:5)
  3 gnolls (D:5)
  4 adders
  2 shadow imps
  3 oozes
  3 worms
  2 dart slugs
  4 leopard geckos
  19 orcs
  5 giant cockroaches
  4 goblins (D:1)
  7 hobgoblins
  6 jackals
  7 kobolds
  A ball python (D:2)
  5 bats
  9 frilled lizards
  A leopard gecko skeleton (D:6)
  A quokka skeleton (D:6)
  2 rats
117 creatures vanquished.

Notes
Turn   | Place    | Note
-------+----------+-------------------------------------------
     0 | D:1      | Findor the Tengu Fighter began the quest for the Orb.
     0 | D:1      | Reached XP level 1. HP: 14/14 MP: 2/2
   103 | D:1      | Reached XP level 2. HP: 19/19 MP: 3/3
   152 | D:1      | Reached skill level 3 in Long Blades
   592 | D:1      | Reached XP level 3. HP: 21/23 MP: 4/4
  1111 | D:2      | Reached skill level 4 in Long Blades
  1119 | D:2      | HP: 4/23 [poisoned by an adder]
  1258 | D:2      | Reached skill level 5 in Long Blades
  1258 | D:2      | Reached XP level 4. HP: 27/28 MP: 5/5
  1683 | D:3      | Gained mutation: You can fly continuously. [Tengu growth]
  1683 | D:3      | Reached XP level 5. HP: 32/32 MP: 6/6
  2230 | D:4      | Noticed an ogre
  2237 | D:4      | Killed an ogre
  2237 | D:4      | Reached skill level 6 in Long Blades
  2237 | D:4      | Reached XP level 6. HP: 37/37 MP: 7/7
  2520 | D:4      | Got a pitted tin ring
  2844 | D:4      | Found a staircase to the Ecumenical Temple.
  2865 | Temple   | Entered the Ecumenical Temple
  2953 | Temple   | Became a worshipper of Warmaster Okawaru
  2992 | D:4      | Found a sacrificial altar of Ru.
  3356 | D:4      | Noticed an ice beast
  3384 | D:4      | Killed an ice beast
  3384 | D:4      | Reached skill level 7 in Long Blades
  3384 | D:4      | Reached XP level 7. HP: 28/41 MP: 8/8
  3498 | D:4      | Found a bloodstained altar of Trog.
  3713 | D:5      | Entered Level 5 of the Dungeon
  3792 | D:5      | Reached * piety under Okawaru
  3893 | D:5      | Found a hide-covered altar of Uskayaw.
  3893 | D:5      | Noticed a +0 hand axe
  3895 | D:5      | Noticed a +0 dagger
  4047 | D:5      | Reached skill level 8 in Long Blades
  4330 | D:5      | Noticed Eustachio
  4354 | D:5      | Killed Eustachio
  4354 | D:5      | Reached ** piety under Okawaru
  4354 | D:5      | Reached skill level 6 in Shields
  4354 | D:5      | Reached XP level 8. HP: 36/46 MP: 9/9
  4763 | D:5      | Noticed Sigmund
  4769 | D:5      | Killed Sigmund
  4769 | D:5      | Reached skill level 9 in Long Blades
  4821 | D:5      | Found a runed translucent door.
  4822 | D:5      | Noticed omer1ben's ghost (novice OpFE)
  4975 | D:5      | Found Dushrehu's Distillery.
  4988 | D:5      | Bought a potion of curing for 36 gold pieces
  4988 | D:5      | Bought a potion of lignification for 36 gold pieces
  4988 | D:5      | Bought a potion of haste for 120 gold pieces
  4995 | D:5      | Found an opulent altar of Gozag.
  5912 | D:6      | Reached *** piety under Okawaru
  5933 | D:6      | Reached XP level 9. HP: 50/50 MP: 10/10
  5938 | D:6      | HP: 9/50 [orc warrior/+0 trident (20)]
  5940 | D:6      | Slain by an orc warrior

Levels and vault maps discovered:
D:1:      lemuel_arrival_tunnels, layout_loops_corners
D:2:      layout_rooms
D:3:      kennysheep_big_flooded_room, layout_basic
D:4:      layout_basic, nicolae_ru_the_path_less_chosen,
          lemuel_coloured_pillars_altar, temple_green, serial_glass,
          glass_columns_a, glass_columns_c, glass_columns_a,
          chequers_serial_rivers_micro_a
D:5:      layout_loops_ring, dancing_weapons_uskayaw,
          nicolae_overflow_hidden_temple, ebering_ghost_reflecting_pool,
          first_ration, serial_shops, shop, uniq_sigmund, uniq_eustachio
D:6:      layout_loops_ring
Temple:   nicolae_temple_great_sept

Action                   |  1- 3 |  4- 6 |  7- 9 || total
-------------------------+-------+-------+-------++-------
Melee: Long sword        |    76 |   102 |   162 ||   340
       Kick              |    19 |    29 |    60 ||   108
       Peck              |     9 |    20 |    30 ||    59
 Abil: Fly               |       |     1 |       ||     1
Evoke: Wand              |       |     2 |     5 ||     7
  Use: Potion            |     1 |       |       ||     1
       Scroll            |       |     1 |     2 ||     3
 Stab: Paralysed         |       |     4 |     3 ||     7
  Eat: Chunk             |     1 |     5 |     6 ||    12
       Ration            |       |       |     1 ||     1
Armor: Scale mail        |    30 |    29 |    35 ||    94
Dodge: Dodged            |    23 |    32 |    36 ||    91
Block: Kite shield       |    32 |    31 |    60 ||   123
       Rpst.: Long sword |     9 |    10 |    11 ||    30
